[Event "Saint Louis Norm Congress-IM 2022"]
[Site "Saint Louis"]
[Date "2022.05.21"]
[Round "4.1"]
[White "Posthuma, Joshua"]
[Black "Rodriguez Rivera, Pedro"]
[Result "1-0"]
[ECO "A49"]
[WhiteElo "2405"]
[BlackElo "2197"]
[Annotator "TA"]
[PlyCount "103"]
[EventDate "2022.05.20"]
[EventType "tourn"]
[EventCountry "USA"]
[SourceTitle "playchess.com"]
[Source "ChessBase"]
[SourceQuality "1"]
[TimeControl "5400+30"]

1. Nf3 Nf6 2. b3 g6 3. Bb2 Bg7 4. g3 d6 5. d4 c6 6. Bg2 a5 7. O-O O-O 8. a4 Na6 9. Nbd2 {[%emt 0:01:47] A49: 1 d4 Nf6 2 Nf3 g6 3 g3: Anti-King's Indian systems.} Nd7 10. e4 {[%emt 0:03:53] [#]} Re8 $146 ({Predecessor:} 10... Qc7 11. Re1 Re8 12. Nc4 Nb4 13. Qd2 d5 14. exd5 cxd5 15. Ne3 Nf6 16. c4 Bf5 {0-1 (38) Ianov,V (2305)-Shtembuliak,E (2352) Lutsk 2015}) 11. Re1 {[%emt 0:04:24] White is slightly better.} Nf8 12. Nc4 Qc7 13. Qd2 d5 (13... Be6 $142) 14. exd5 $16 (14. Nxa5 $6 b6 $14) 14... cxd5 15. Na3 ({Much weaker is} 15. Nxa5 $6 b6 $11) 15... Qb6 16. Nb5 Nc7 17. c4 {[%emt 0:01:02] White is more active.} Nxb5 18. axb5 Be6 19. Bf1 dxc4 20. bxc4 Rec8 (20... a4 $16 {might work better.} 21. Ra3 Qc7) 21. Ra4 Qd8 22. Bc3 b6 23. Ne5 {[%emt 0:01:12] And now Nc6 would win.} Bxe5 24. Rxe5 Nd7 (24... f6 $142) 25. Re4 Qf8 $2 {[%emt 0:03:42] [#]} (25... Bf5 {was worth a try.} 26. Re2 e5) 26. Rxe6 $1 $18 fxe6 {[%emt 0:00:16] [#]} 27. Bh3 {[%emt 0:00:10] Against Qf5} Qf7 28. d5 Nc5 {[%emt 0:02:22] [#]} 29. Qd4 $1 Qf6 {[%emt 0:01:43] Inhibits Qh8+.} (29... e5 30. Qxe5) 30. Qe3 Qf8 (30... e5 $142 31. Bxe5 (31. Bxc8 Rxc8 32. Bxe5 Qf5 $16) 31... Qf8 32. Bxc8 Qxc8) 31. Bxe6+ Nxe6 32. Qxe6+ Qf7 {[%emt 0:00:01] ...Qxe6 is the strong threat.} 33. Qxb6 Rf8 34. Qd4 Qf6 {[%emt 0:00:02] Inhibits Qh8+.} 35. Qxf6 exf6 {[%emt 0:00:08][%mdl 4096] Endgame KRR-KRB} 36. c5 Rfd8 37. d6 Kf7 38. b6 Ke6 39. c6 Kxd6 40. c7 {[%emt 0:00:15] Threatening mate with Rd4+.} Kc6 41. cxd8=Q Rxd8 42. Bxa5 {[%emt 0:01:14] KRB-KR} Rd1+ 43. Kg2 {[%emt 0:00:01] Black must now prevent Rc4+.} Rb1 44. Rb4 {[%emt 0:00:29] White mates.} Rxb4 45. Bxb4 Kxb6 {[%emt 0:00:01] KB-K3P} 46. Kf3 Kc6 47. Bc3 f5 48. Kf4 Kd5 49. Kg5 Ke4 50. Kh6 Kf3 51. Kxh7 g5 52. Kg6 {[%emt 0:00:12][%csl LRf5,LRg5] Weighted Error Value: White=0.10 (very precise) /Black=0.57} 1-0

[Event "Saint Louis Norm Congress-IM 2022"]
[Site "Saint Louis"]
[Date "2022.05.21"]
[Round "4.2"]
[White "Ezra Paul Chambers"]
[Black "Proleiko, Julian"]
[Result "1-0"]
[ECO "B12"]
[WhiteElo "2232"]
[BlackElo "2204"]
[Annotator "TA"]
[PlyCount "119"]
[EventDate "2022.05.20"]
[EventType "tourn"]
[EventCountry "USA"]
[SourceTitle "playchess.com"]
[Source "ChessBase"]
[SourceQuality "1"]
[TimeControl "5400+30"]

1. e4 c6 2. d4 d5 3. e5 Bf5 4. Nd2 e6 5. Nb3 c5 6. dxc5 {[%emt 0:02:33] B12: Caro-Kann: Advance Variation.} Bxc5 7. Bb5+ Nc6 8. Bxc6+ {[%emt 0:00:21] White is slightly better.} (8. a4 $5 Bf8 9. Nf3 $11) 8... bxc6 9. Nxc5 {[%emt 0:00:15] aiming for Nb7.} Qa5+ 10. c3 {[%emt 0:00:18] And now Nb7 would win.} Qxc5 11. Be3 Qb5 {[%emt 0:00:37] [#]} 12. b4 $146 ({Predecessor:} 12. Ne2 Qxb2 13. O-O Ne7 14. Bc5 Qb5 15. Bd6 c5 16. c4 dxc4 17. Nc3 Qd7 18. Re1 {1-0 (69) Alekseenko,K (2698)-Csonka,B (2496) Chess.com INT 2022}) 12... a5 13. Bc5 Qc4 14. Qd4 Qxd4 (14... axb4 {seems wilder.} 15. Bxb4 Ne7 16. Nf3 Kd7) 15. cxd4 a4 (15... axb4 $11 16. Bxb4 Ne7) 16. Kd2 $16 Ne7 17. Ne2 Nc8 18. Rac1 a3 19. Rc3 Kd7 20. Rhc1 Na7 21. Bb6 ({But not} 21. Rxa3 Nb5 22. Rxa8 Rxa8 $11) 21... Nb5 22. Rxc6 (22. Rc5 $14) 22... Ra6 $2 {[%emt 0:00:06] [#] This move loses the game for Black.} (22... Rhb8 $1 $11 {and Black has nothing to worry.}) 23. Rc7+ $1 $18 Nxc7 24. Rxc7+ Kd8 25. Rc6+ Kd7 26. b5 {[%emt 0:12:04] Intending Rc7+ and mate.} Rxb6 (26... Raa8 $2 27. Rc7+ Ke8 28. Bc5 $18) 27. Rxb6 {[%emt 0:00:07][%mdl 4096] Endgame KRB-KRN} Rc8 28. Rd6+ Ke7 29. Rc6 {[%emt 0:01:22] Prevents Rc2+.} Rxc6 30. bxc6 {[%emt 0:00:01] KB-KN} Kd8 {[%emt 0:00:07] [#]} 31. Kc3 $1 {[%emt 0:00:30] Hoping for Kb4.} Kc7 32. Kb4 Kxc6 33. Kxa3 {[%emt 0:01:44] Strongly threatening Kb4.} Kb5 34. Kb3 Bd3 (34... Bg4 {was worth a try.}) 35. a4+ Ka5 {[%emt 0:00:04] [#]} 36. Nc1 $1 Bf1 37. g3 Bc4+ 38. Ka3 Ka6 39. Nb3 Kb6 40. Kb4 Ka6 $2 (40... Be2 41. Nc5 h6) 41. Nc5+ Kb6 42. a5+ Kc6 {[%emt 0:00:06] [#]} 43. Ne4 $1 Bd3 44. Nd6 f6 {[%emt 0:00:45] [#]} 45. exf6 gxf6 46. Ne8 f5 47. Nf6 f4 48. gxf4 Bf5 49. f3 Bd3 50. Ng4 {[%emt 0:00:06] White wants to mate with Ne5+.} Bf5 51. Ne5+ Kb7 52. Kb5 Bh3 53. a6+ Kc7 54. Kc5 {[%emt 0:00:38] Nc6 is the strong threat.} Bf1 55. a7 {[%emt 0:00:03] White mates.} Kb7 56. Kd6 Bh3 57. Nc6 Bf5 58. h4 Bh3 59. Nd8+ Kxa7 60. Nxe6 {[%emt 0:00:03] Weighted Error Value: White=0.05 (flawless) /Black=0.57} 1-0

[Event "Saint Louis Norm Congress-IM 2022"]
[Site "Saint Louis"]
[Date "2022.05.21"]
[Round "4.3"]
[White "Antova, Gabriela"]
[Black "Grabinsky, Aaron"]
[Result "0-1"]
[ECO "E11"]
[WhiteElo "2293"]
[BlackElo "2401"]
[Annotator "TA"]
[PlyCount "106"]
[EventDate "2022.05.20"]
[EventType "tourn"]
[EventCountry "USA"]
[SourceTitle "playchess.com"]
[Source "ChessBase"]
[SourceQuality "1"]
[TimeControl "5400+30"]

1. d4 e6 2. c4 Nf6 3. Nf3 Bb4+ 4. Nbd2 O-O 5. a3 Be7 6. e4 d6 {[%emt 0:00:19][%cal Oe6e5] E11: Bogo-Indian.} 7. Be2 Nfd7 8. b4 a5 {[%emt 0:02:40] White has an edge.} 9. Bb2 e5 10. d5 c5 11. bxa5 ({White should play} 11. b5 $14) 11... Rxa5 {[%emt 0:01:38] [#]} 12. Bc3 $146 ({Predecessor:} 12. O-O Ra6 13. Ne1 Nf6 14. g3 Bh3 15. Ng2 Nbd7 16. f4 g6 17. Rf2 h5 18. Ne3 {½-½ (46) Gajewski,G (2596)-Tratar,M (2419) Tornelo INT 2021}) 12... Ra6 13. Qc2 g6 14. Bd3 Nf6 15. a4 Nh5 16. g3 f5 17. Nb3 (17. exf5 $11 Bxf5 18. O-O) 17... f4 $15 {[%emt 0:06:17] And now ...fxg3 would win.} 18. Nfd2 Qe8 19. a5 (19. Be2 $15) 19... Qf7 $1 $17 20. O-O-O b6 21. Kb2 bxa5 22. Bxa5 Bg5 23. g4 Ng7 (23... Bxg4 $17 24. Rdg1 Bh4) 24. f3 $15 Bh4 25. Rhf1 Qb7 26. Ra1 Ne8 27. Nb1 Bd7 28. Nc3 Ra8 29. Nb5 Na6 30. Rfb1 Kf7 31. Qe2 h5 ({Black should try} 31... Be7 $11) 32. gxh5 $14 gxh5 33. Rg1 $1 Bh3 $1 {[%emt 0:03:43] Against Qg2} 34. Bc3 Qb6 35. Ba5 (35. Qd2 $14) 35... Qb8 (35... Qb7 $11 {keeps the balance.}) 36. Be1 (36. Qd2 $16) 36... Bf6 (36... Bxe1 $11 37. Qxe1 Nb4 38. Rxa8 Nxd3+ 39. Kc3 Qxa8) 37. Na5 Nec7 38. Nc6 Qb7 39. Ba5 $1 $36 {[%emt 0:00:37][%mdl 2048] Keeping Black busy.} Rg8 40. Kc3 (40. Qf2 $16) 40... Nxb5+ (40... Ne8 $1 $14) 41. cxb5 $18 Nc7 (41... Nb8 {was called for.} 42. Qa2 (42. Rxg8 Kxg8 43. Qb2 Nd7 $16) 42... Nd7) 42. Bc4 Bh4 $2 {[%emt 0:01:52] [#]} (42... Ne8 43. Qf2 Rg6) 43. Rxg8 $2 (43. Nxe5+ $1 dxe5 44. Bxc7 Rxg1 45. Rxg1) 43... Kxg8 44. Ra2 {[%emt 0:00:26] aiming for Bxc7.} Ne8 45. Bd8 $2 Bxd8 $17 46. Nxd8 $2 (46. Ra6 $17 {was the crucial defense.}) 46... Rxd8 $19 47. Qe1 Qe7 {[%emt 0:02:00] Inhibits Qh4.} 48. b6 {[%emt 0:00:04] [#]} Rb8 $1 49. Ra7 Qg5 50. Bb5 {[%emt 0:00:51] [#]} Rxb6 $1 51. Bxe8 (51. Be2 Qg2) 51... Qg2 $1 {[%emt 0:00:07][%csl LRf3,LRh2] Black mates.} 52. Ba4 Qb2+ 53. Kd3 c4+ {[%emt 0:00:08] Weighted Error Value: White=0.72/Black=0.24 (precise)} 0-1

[Event "Saint Louis Norm Congress-IM 2022"]
[Site "Saint Louis"]
[Date "2022.05.21"]
[Round "4.4"]
[White "Tokhirjonova, Gulrukhbegim"]
[Black "Marek, Matyas"]
[Result "0-1"]
[ECO "D27"]
[WhiteElo "2337"]
[BlackElo "2363"]
[Annotator "TA"]
[PlyCount "98"]
[EventDate "2022.05.20"]
[EventType "tourn"]
[EventCountry "USA"]
[SourceTitle "playchess.com"]
[Source "ChessBase"]
[SourceQuality "1"]
[TimeControl "5400+30"]

1. d4 d5 2. c4 dxc4 3. e3 Nf6 4. Bxc4 e6 5. Nf3 a6 6. O-O c5 7. Be2 {[%emt 0:01:56] D27: Queen's Gambit Accepted: Classical main line: 7 e4!? and 7 a4.} Nc6 (7... cxd4 {keeps more tension.} 8. Nxd4 e5 9. Nf3 Qc7) 8. Nc3 cxd4 9. exd4 {[%emt 0:00:12] The position is equal.} Be7 10. Be3 O-O 11. Rc1 Nb4 12. Ne5 Nbd5 {[%emt 0:06:45] [#]} 13. Bf3 $146 (13. Bd3 {seems wilder.} Bd7 14. Nxd5 Nxd5 15. Qh5) ({Predecessor:} 13. Qb3 Nxe3 14. fxe3 Nd5 15. Ne4 f6 16. Nf3 Bd7 17. Nc5 Bxc5 18. Rxc5 Bc6 19. Rd1 Qb6 20. Bc4 Qxb3 21. Bxb3 Rfd8 22. e4 Nc7 23. d5 {1-0 (23) Guimaraes Jr,A (1800)-Da Silva,R (2212) Belem 2010}) 13... Nxe3 14. fxe3 Nd7 15. Nd3 Rb8 16. b4 Bg5 17. Qe2 Nb6 18. Ne4 Bh6 19. Ne5 g6 20. Nc3 Nd7 21. Nc4 Nb6 22. Rfe1 Nxc4 23. Qxc4 Bd7 24. Qb3 Qe7 25. Ne4 Rfc8 26. Nc5 Bc6 27. Bxc6 Rxc6 28. a4 Rbc8 (28... b6 $5 29. Ne4 (29. Nxa6 Rxc1 30. Rxc1 Rd8 $15) 29... Rbc8 30. Rxc6 Rxc6 $15) 29. a5 b6 30. axb6 Rxb6 31. Qc4 Rcc6 32. Rb1 Qa7 33. Rb3 Rb5 34. Ra1 {[%emt 0:00:43] Qxb5 is the strong threat.} Qb6 35. Kf2 Bf8 36. Ra4 e5 (36... Qd8 {feels hotter.} 37. g3 e5 38. Ra2 exd4 39. exd4 Rf6+) 37. Qd3 $2 ({White should play} 37. Kg1 $15) 37... Bxc5 $2 (37... Qd8 $1 $19 {aiming for ...exd4.} 38. Kg1 exd4) 38. dxc5 $11 Qb8 39. Qe4 Rf6+ 40. Ke2 {[%emt 0:00:02] [#]} (40. Kg3 $11 {remains equal.}) 40... Rxc5 $3 $17 41. bxc5 Qxb3 {[%emt 0:00:01][%mdl 4096] Endgame KQR-KQR} 42. Rc4 Qb2+ $1 43. Qc2 {[%emt 0:00:02] [#]} Qb5 {[%emt 0:00:32] Black is more active.} ({Much weaker is} 43... Qa1 $6 44. Qc1 Qa2+ 45. Qc2 $11) 44. Qd3 {[%emt 0:00:50] [#]} (44. g4 $17 {was called for.}) 44... Kg7 ({Better is} 44... a5 $1 $19 {[%cal Ra5a4] White must now prevent ...a4.} 45. Qc2 a4 46. Qxa4 Qb1) 45. e4 (45. Qe4 $1 $15) 45... a5 46. Rc2 $2 (46. Ke3 $17 {is tougher.}) 46... Qb1 $19 {[%emt 0:01:13] Hoping for ...a4.} 47. Ke3 (47. Qc3 $19 a4 48. Qb2 Qf1+ 49. Ke3 Qf4+ 50. Kd3) 47... Qg1+ 48. Kd2 Rf2+ 49. Kc3 Qa1+ {[%emt 0:00:40] Weighted Error Value: White=0.56/Black=0.18 (very precise)} 0-1

[Event "Saint Louis Norm Congress-IM 2022"]
[Site "Saint Louis"]
[Date "2022.05.21"]
[Round "4.5"]
[White "Lee, Alice"]
[Black "Yu, Jennifer"]
[Result "1/2-1/2"]
[ECO "D37"]
[WhiteElo "2344"]
[BlackElo "2257"]
[Annotator "TA"]
[PlyCount "96"]
[EventDate "2022.05.20"]
[EventType "tourn"]
[EventCountry "USA"]
[SourceTitle "playchess.com"]
[Source "ChessBase"]
[SourceQuality "1"]
[TimeControl "5400+30"]

1. d4 d5 2. c4 e6 3. Nf3 Nf6 4. Nc3 a6 5. c5 b6 6. cxb6 {[%emt 0:00:29] D37: Queen's Gambit Declined: 5 Bf4.} cxb6 ({But not} 6... Nbd7 7. bxc7 Qxc7 8. Bd2 $14) 7. Bf4 Bd6 8. e3 {[%emt 0:02:58] The position is equal.} Bxf4 9. exf4 Nc6 10. Bd3 Qd6 11. g3 O-O 12. O-O {[%emt 0:00:28] [#]} Bb7 $146 ({Predecessor:} 12... Bd7 13. Rc1 Rfc8 14. Re1 b5 15. Bb1 Ne7 16. Ne5 b4 17. Ne2 Bb5 18. Rxc8+ Rxc8 {½-½ (30) Visakh,N (2518)-Rakhmanov,A (2645) Moscow 2020}) 13. Rc1 (13. Na4 $5 ) 13... Rac8 (13... Rfc8 {is more complex.} 14. Ne5 g6 15. Ne2 Nb4) 14. Re1 (14. Na4 $5 ) 14... Rc7 15. Bb1 Ne7 16. Ne5 Rfc8 17. a3 b5 18. Qb3 Nc6 19. Nxc6 Rxc6 20. Rcd1 g6 21. Bd3 R6c7 22. h4 h5 23. Re2 (23. Qc2 $11) 23... Kg7 (23... Rc4 $5) 24. Ree1 Nd7 25. Kg2 Rc4 26. Ne2 Nb8 27. Kg1 R4c7 28. Qa2 b4 29. a4 a5 $1 30. b3 Ba6 31. Qd2 Bxd3 32. Qxd3 Rc2 (32... Nd7 $15) 33. Rc1 $11 Rxc1 34. Rxc1 Rxc1+ 35. Nxc1 {[%emt 0:00:05][%mdl 4096] Endgame KQN-KQN} Qc7 36. Ne2 Nd7 37. Kg2 (37. f3 $1 $11) 37... Kf8 ({Black should try} 37... Nf6 $15) 38. f3 Ke7 39. Kf2 Nf6 40. Ke3 ({Better is} 40. f5 $11 gxf5 41. Qd2) 40... Ne8 (40... Qc6 $1 $15) 41. Kd2 (41. f5 $1 $11) 41... Nd6 $15 42. Ke3 Nf5+ 43. Kf2 Qb6 44. Kg2 Qc7 ({Black should play} 44... Qd8 $15) 45. Kh3 (45. Kf2 $11) 45... Nd6 46. Kg2 Nf5 47. Kh3 Nd6 48. Kg2 Nf5 {[%emt 0:00:07] Weighted Error Value: White=0.17 (very precise) /Black=0.16 (very precise)} (48... Kf8 $15) 1/2-1/2

[Event "Saint Louis Norm Congress-IM 2022"]
[Site "Saint Louis"]
[Date "2022.05.21"]
[Round "5.1"]
[White "Yu, Jennifer"]
[Black "Posthuma, Joshua"]
[Result "0-1"]
[ECO "A50"]
[WhiteElo "2257"]
[BlackElo "2405"]
[Annotator "TA"]
[PlyCount "78"]
[EventDate "2022.05.20"]
[EventType "tourn"]
[EventCountry "USA"]
[SourceTitle "playchess.com"]
[Source "ChessBase"]
[SourceQuality "1"]
[TimeControl "5400+30"]

1. d4 Nf6 2. c4 b6 3. Nc3 Bb7 4. Qc2 d5 5. cxd5 Nxd5 6. Nf3 e6 7. e4 {[%emt 0:00:44] A50: Queen's Fianchetto Defence (1 d4 Nf6 2 c4 b6).} Nxc3 8. bxc3 Be7 9. Bf4 {[%emt 0:00:30] [#] White has an edge.} Nd7 $146 ({Predecessor:} 9... O-O 10. Bd3 c5 11. d5 exd5 12. exd5 Qxd5 13. O-O-O Qh5 14. Be4 Bc6 15. Rhe1 c4 16. Bxh7+ Qxh7 17. Qxh7+ Kxh7 18. Rxe7 {½-½ (46) Laghetti,G (2487)-Serner,A (2412) ICCF email 2020}) 10. Rd1 g5 11. Bg3 h5 12. h4 g4 13. Ng5 ({Better is} 13. Nd2 $1 $16) 13... Bxg5 $14 14. hxg5 Qxg5 15. Bxc7 Rc8 $36 {[%emt 0:15:17][%mdl 2048] Black has good play.} 16. Bd6 h4 17. Rd2 Rh6 18. Qd3 (18. Ba3 $11) 18... Rc6 (18... f5 $1 $17 19. exf5 h3) 19. Bb4 (19. Ba3 $11 {keeps the balance.}) 19... a5 (19... Nf6 $1 $17) 20. Ba3 $11 f5 21. d5 $2 (21. exf5 $11 Qxf5 22. Qe3) 21... fxe4 $19 22. Qb5 (22. Qd4 $17 {was necessary.} exd5 23. Rd1) 22... exd5 23. Rxd5 Qg7 24. Rd4 g3 (24... Rxc3 {[#]} 25. Rxd7 $1 Qxd7 26. Qe5+ Kd8 27. Qg5+ (27. Qxc3 e3 $18) 27... Kc7 28. Qe5+ (28. Qxh6 e3 $18) 28... Kd8 29. Qg5+ (29. Qxc3 e3 $18) 29... Kc7 30. Qxh6 $18 (30. Qe5+ Kd8 $18)) (24... h3 $19 25. Bc1 (25. gxh3 $2 e3 $19) 25... Nc5 $1) 25. Rxe4+ $2 (25. Rh3 $15) 25... Rce6 26. Rxe6+ Rxe6+ 27. Kd2 Qh6+ 28. Kc2 Re5 $2 (28... Be4+ $19 29. Bd3 gxf2) 29. Qc4 $11 Be4+ 30. Bd3 Bxd3+ 31. Kxd3 {[%emt 0:00:57] Black must now prevent Qc8+.} Qg6+ 32. Kd2 {[%emt 0:00:04] Threatens to win with Qc8+.} Nc5 33. Bxc5 Rxc5 {[%emt 0:00:12][%mdl 4096] Endgame KQR-KQR. Really sharp!} (33... bxc5 34. Qxh4 Rd5+ 35. Kc1 Qg5+ 36. Qxg5 Rxg5 37. f3 $16) 34. Re1+ Kd7 35. Qxh4 {[%emt 0:00:24] And now Qe7+ would win.} Rd5+ 36. Kc1 Qd3 37. Qa4+ Kd6 ({But not} 37... b5 38. Qg4+ Kc7 39. Qg7+ (39. Qxg3+ Qxg3 40. fxg3 Rd3 $11) 39... Rd7 40. Qe5+ (40. Qxg3+ Qxg3 41. fxg3 Rd3 $11) 40... Kc8 41. f3 $14 (41. fxg3 b4 $14)) 38. Qc2 (38. Rd1 $11 Qxc3+ 39. Kb1) 38... gxf2 {[%emt 0:00:17][%mdl 64] Deflection} ({Weaker is} 38... Qxc2+ 39. Kxc2 gxf2 40. Rf1 $11) 39. Qxf2 Qxc3+ {[%emt 0:00:10] Weighted Error Value: White=0.65/Black=0.30} 0-1

[Event "Saint Louis Norm Congress-IM 2022"]
[Site "Saint Louis"]
[Date "2022.05.21"]
[Round "5.2"]
[White "Marek, Matyas"]
[Black "Lee, Alice"]
[Result "1/2-1/2"]
[ECO "A06"]
[WhiteElo "2363"]
[BlackElo "2344"]
[Annotator "TA"]
[PlyCount "78"]
[EventDate "2022.05.20"]
[EventType "tourn"]
[EventCountry "USA"]
[SourceTitle "playchess.com"]
[Source "ChessBase"]
[SourceQuality "1"]
[TimeControl "5400+30"]

1. Nf3 d5 2. e3 Nf6 3. b3 Bg4 4. c4 e6 5. Bb2 Nbd7 6. Nc3 {[%emt 0:00:17] A06: Réti Opening: 1 Nf3 d5.} c6 7. h3 Bh5 8. g4 {[%emt 0:01:31] The position is equal.} Bg6 9. Nh4 Nc5 10. Nxg6 hxg6 {[%emt 0:00:20] [#]} 11. Be2 $146 (11. b4 $5 Nce4 12. c5 $11) ({Predecessor:} 11. Qe2 a5 12. Rb1 Be7 13. f3 g5 14. Kf2 d4 15. Nd1 d3 16. Qe1 Qc7 17. Kg2 {0-1 (53) Salinas Herrera,P (2514)-Bluebaum,M (2670) Chess.com INT 2021}) 11... Nce4 (11... d4 $5 12. Na4 Nxa4 13. bxa4 Bc5 $15) 12. d3 Nxc3 13. Bxc3 g5 14. Qc2 Bd6 15. O-O-O Qe7 16. Kb1 O-O-O 17. cxd5 (17. Bf3 $11) 17... exd5 $15 18. Bf3 Kb8 19. Bg2 Be5 20. d4 Bc7 21. Rhe1 Ne4 22. Bb2 Nd6 ({Black should play} 22... Ba5 $15 23. Re2 Bb4) 23. f3 (23. e4 $1 $11 dxe4 24. d5) 23... Nb5 24. Qd3 Bg3 25. Re2 Qd7 26. Bc1 Rde8 27. a4 Nc7 28. Rb2 Bd6 29. b4 $1 Re6 30. b5 cxb5 31. axb5 Be7 32. e4 $2 (32. Bf1 $11 {and White has nothing to worry.}) 32... Rd8 $2 ({Better is} 32... Rb6 $19 33. Bf1 Rhh6) 33. Be3 f6 34. Rc1 {[%emt 0:01:46] [#]} (34. Bf1 $11) 34... Rb6 (34... Bd6 $1 $17) 35. Bf1 $11 Ne6 36. Rd1 Nf4 37. Qb3 Rc8 38. Rc1 Rxc1+ 39. Kxc1 Qd6 {[%emt 0:01:14] Weighted Error Value: White=0.22 (precise) /Black=0.22 (precise)} 1/2-1/2

[Event "Saint Louis Norm Congress-IM 2022"]
[Site "Saint Louis"]
[Date "2022.05.21"]
[Round "5.3"]
[White "Grabinsky, Aaron"]
[Black "Tokhirjonova, Gulrukhbegim"]
[Result "1/2-1/2"]
[ECO "D02"]
[WhiteElo "2401"]
[BlackElo "2337"]
[Annotator "TA"]
[PlyCount "117"]
[EventDate "2022.05.20"]
[EventType "tourn"]
[EventCountry "USA"]
[SourceTitle "playchess.com"]
[Source "ChessBase"]
[SourceQuality "1"]
[TimeControl "5400+30"]

1. d4 Nf6 2. Bf4 d5 3. e3 c5 4. c3 Nc6 5. Nd2 e6 6. Ngf3 cxd4 {[%emt 0:02:11] is the new trend.} 7. exd4 {[%emt 0:00:10] D02: 1 d4 d5 2 Nf3 sidelines, including 2...Nf6 3 g3 and 2...Nf6 3 Bf4.} Nh5 8. Be3 Bd6 9. Ne5 g6 10. f4 f6 11. Nd3 O-O 12. Nf3 {[%emt 0:02:08] Inhibits e5.} Qc7 13. g3 {[%emt 0:00:46] [#]} Bd7 $146 ({Predecessor:} 13... Ng7 14. Be2 Na5 15. O-O Nf5 16. Bc1 Nc4 17. Re1 Nce3 18. Bxe3 Nxe3 19. Qc1 Nf5 {0-1 (33) Heinemann,C (2234)-Broadway,D (2201) ICCF email 2019}) 14. Bg2 Rae8 15. O-O Na5 16. Re1 Ng7 17. Bf2 Bb5 18. Rc1 (18. a4 $5 Bc6 19. Nd2 $11) 18... h6 (18... b6 $11) 19. b3 (19. a4 $5 Bc4 20. b4 $11) 19... g5 20. fxg5 hxg5 21. Rc2 Qf7 22. Nb2 Rc8 23. Nd2 Qg6 24. c4 Bb4 25. Bf1 dxc4 26. bxc4 Bc6 27. Nd3 Bxd2 28. Qxd2 b6 29. Nb4 Bb7 (29... Bf3 $142) 30. d5 Rfd8 (30... exd5 $16 31. Bd3 (31. Nxd5 Bxd5 32. Qxd5+ Qf7 $16) (31. cxd5 Rxc2 32. Nxc2 Qf7 $16) 31... Qf7) 31. Rcc1 (31. Bd3 $18 Qh5 32. Rec1) 31... Qf5 (31... Qf7 $16) 32. Qd4 {[%emt 0:04:55] Hoping for Bd3.} exd5 33. cxd5 ({White should play} 33. Bd3 $16 Qf3 34. Be2) 33... Rxc1 $14 34. Rxc1 Ne6 $1 35. Qb2 (35. Qc3 $16 {aiming for Bd3.} Bxd5 36. Nxd5 Rxd5 37. Bg2) 35... Rxd5 $17 ({Resist} 35... Bxd5 36. Nxd5 Rxd5 37. Bg2 $14) 36. Bg2 (36. Qe2 $15 Rd6 37. Bg2) 36... Rd7 $1 37. Bxb7 Nxb7 {[%emt 0:00:51][%cal Ba5b7,Bb7c5,Bc5d3][%mdl 32] Pair of Knights!} ({Inferior is} 37... Rxb7 38. Qe2 $15) 38. Rf1 Nbc5 39. Be3 (39. Be1 $17 Qe5 40. Qxe5 fxe5 41. Nc6) 39... Qe4 $19 40. Nc2 {[%emt 0:00:02] [#]} Rf7 (40... g4 $1 $19 {...f5 is the strong threat.} 41. Bc1 f5) 41. Qc3 Qd3 42. Qxd3 Nxd3 43. Nd4 Nxd4 44. Bxd4 $17 {[%emt 0:00:04][%mdl 4096] Endgame KRB-KRN} Kg7 45. Rd1 Nc5 46. Ba1 Rd7 47. Rxd7+ Nxd7 {[%emt 0:00:02] KB-KN} 48. h4 (48. Kf2 $17) 48... Kg6 $19 49. Kf2 Kh5 ({Black should try} 49... g4) 50. Kf3 $17 {[%emt 0:00:59] [#]} gxh4 (50... f5 $1 $17) 51. gxh4 $11 {[%emt 0:00:05] The position is equal.} Kxh4 {[%emt 0:00:05] Strongly threatening ...Kg5.} 52. Kf4 b5 53. Kf5 b4 54. Ke6 Nc5+ 55. Kd5 Nd3 {[%emt 0:00:24] And now ...f5 would win.} 56. Bxf6+ Kg4 57. Kc4 Nc1 58. Kxb4 Nxa2+ 59. Ka5 {[%emt 0:00:08] Never resign too early!  Weighted Error Value: White=0.20 (precise) /Black=0.16 (very precise)} 1/2-1/2

[Event "Saint Louis Norm Congress-IM 2022"]
[Site "Saint Louis"]
[Date "2022.05.21"]
[Round "5.4"]
[White "Proleiko, Julian"]
[Black "Antova, Gabriela"]
[Result "1/2-1/2"]
[ECO "D02"]
[WhiteElo "2204"]
[BlackElo "2293"]
[Annotator "TA"]
[PlyCount "90"]
[EventDate "2022.05.20"]
[EventType "tourn"]
[EventCountry "USA"]
[SourceTitle "playchess.com"]
[Source "ChessBase"]
[SourceQuality "1"]
[TimeControl "5400+30"]

1. d4 d5 2. Nf3 Nf6 3. g3 c5 4. Bg2 cxd4 5. O-O h6 6. Nxd4 {[%emt 0:00:07][%cal Oc2c4] D02: 1 d4 d5 2 Nf3 sidelines, including 2...Nf6 3 g3 and 2...Nf6 3 Bf4.} e5 7. Nf3 Nc6 8. c4 d4 9. e3 Be7 10. exd4 exd4 {[%emt 0:00:07] [#]} 11. Bf4 $146 ({Predecessor:} 11. b3 O-O 12. Bb2 Bc5 13. Nbd2 a5 14. a3 Bg4 15. h3 Bf5 16. Re1 Qd7 17. Kh2 {0-1 (72) Khotenashvili,B (2476)-Batsiashvili,N (2502) Riadh 2017}) 11... O-O 12. Ne5 Qb6 13. Qb3 Na5 14. Qb5 Be6 15. b3 Qxb5 (15... Rac8 $1 $15) 16. cxb5 $11 a6 17. b6 Bc5 18. Rc1 Bxb6 19. b4 Nc6 (19... d3 {keeps more tension.} 20. bxa5 Bd4 21. Nd2 g5) 20. Nxc6 bxc6 21. Rxc6 Nd7 22. Nd2 Rac8 23. Rac1 Rxc6 24. Rxc6 Bxa2 25. Bh3 f5 26. Rd6 $36 {[%emt 0:03:17][%mdl 2048] White is pushing.} Rf7 27. Bf1 g5 $1 28. Nc4 Bd8 (28... gxf4 $11 {remains equal.} 29. Nxb6 Ne5) 29. Ne5 {[%emt 0:03:51] White is more active.} (29. Bd2 $16) 29... Rg7 30. Nxd7 gxf4 31. Nc5 Bc7 32. Rxa6 Bd5 33. Ne6 (33. b5 $14 {feels stronger.}) 33... Bxe6 (33... Rd7 $11) 34. Rxe6 $14 fxg3 35. hxg3 $11 {[%emt 0:00:05][%mdl 4096] Endgame KRB-KRB} f4 36. Bc4 {[%emt 0:00:13] [#] Threatens to win with Re8+.} (36. b5 $5 fxg3 37. b6 gxf2+ 38. Kxf2 Rf7+ 39. Kg2 (39. Ke2 Bxb6 40. Rxb6 d3+ 41. Ke1 d2+ 42. Kxd2 Rxf1 $11) 39... Rg7+ 40. Kh3 Bxb6 41. Rxb6 $14) 36... Kf8 {[%emt 0:00:41] Against Re8+} 37. Rxh6 fxg3 {[%emt 0:00:07] The position is equal.} 38. f4 d3 39. Rf6+ Ke7 40. Re6+ Kd7 {[%emt 0:00:51] [#] White must now prevent ...d2.} 41. f5 g2 {[%emt 0:01:05][%cal Oc7h2] ( -> ...Bh2+!)} 42. Rg6 Rxg6 43. fxg6 d2 44. Be2 {[%emt 0:01:56] Intending g7 and mate.} Ke6 45. Kxg2 Ke5 $2 {[%emt 0:00:29][%mdl 40960] Weighted Error Value: White=0.08 (flawless) /Black=0.11 (very precise) . An unexpected result.} (45... Kf6 $11) 1/2-1/2